Cogmind - Beta 12 @@@ ROGUE MODE // 2024.02.01 @ 23:51:11 Player: Dylbot Result: Destroyed by S-10 Pest with Light Assault Rifle Performance ------------- Evolutions (1) 500 Regions Visited (2) 400 Robots Destroyed (20) 100 Value Destroyed (419) 419 Prototype IDs (0) 0 Alien Tech Used (0) 0 Bonus (0) 0 TOTAL SCORE: 1419 Bonus ------- None Cogmind --------- Core Integrity 0/400 Matter 277/300 Energy 99/100 System Corruption 0% Temperature Cool (0) Movement Core (50) Location -9/Materials Parts ------- > --- POWER (2) -------- (None) > --- PROPULSION (2) --- (None) > --- UTILITY (3) ------ (None) > --- WEAPON (2) ------- (None) > --- INVENTORY (5) ---- Light Treads Beam Rifle Grenade Launcher Peak State ------------ > --- POWER ------------ Light Ion Engine > --- PROPULSION ------- Aluminum Leg Aluminum Leg > --- UTILITY ---------- Improved Terrain Scanner Targeting Computer > --- WEAPON ----------- Light Assault Rifle Light Assault Rifle > --- INVENTORY -------- Heat Sink Seismic Detector Welding Torch Welding Torch [Rating: 9] Favorites ----------- Power Light Ion Engine Engine Light Ion Engine Propulsion Aluminum Leg Treads Light Treads Leg Aluminum Leg Utility Targeting Computer Device Heat Sink Storage Huge Storage Unit Processor Targeting Computer Protection Light Armor Plating Weapon Light Assault Rifle Energy Cannon Particle Cannon Ballistic Gun Light Assault Rifle Launcher Grenade Launcher Build | -11 -10 -9 ------- Run | Jun Mat Mat Slots Evolved 2 | . . 2 Power 1 | . . 1 Propulsion . | . . . Utility 1 | . . 1 Weapon . | . . . Parts Attached 28 | 10 10 8 Power 2 | 1 1 . Engine 2 | 1 1 . Core . | . . . Reactor . | . . . Propulsion 6 | 2 1 3 Treads 1 | . . 1 Leg 5 | 2 1 2 Wheel . | . . . Hover . | . . . Flight . | . . . Utility 10 | 2 6 2 Device 6 | 2 4 . Storage 2 | . 1 1 Processor 1 | . 1 . Hackware . | . . . Protection 1 | . . 1 Artifact . | . . . Weapon 10 | 5 2 3 Energy Gun . | . . . Energy Cannon 2 | . . 2 Ballistic Gun 6 | 5 1 . Ballistic Cannon . | . . . Launcher 2 | . 1 1 Special Weapon . | . . . Impact Weapon . | . . . Slashing Weapon . | . . . Piercing Weapon . | . . . Special Melee Weapon . | . . . Unidentified Prototypes . | . . . Parts Lost 9 | . 1 8 Power 1 | . . 1 Propulsion 3 | . . 3 Utility 3 | . 1 2 Weapon 2 | . . 2 Highest Loss Streak 6 | . 1 6 To Critical Strikes . | . . . Average Slot Usage (%) 83 | . 95 64 Engine 12 | . 14 10 Leg 24 | . 27 19 Device 10 | . 16 . Storage 1 | . . 2 Processor 9 | . 8 11 Energy Cannon 1 | . . 3 Ballistic Gun 15 | . 24 . Launcher 7 | . 2 15 Naked Turns 4 | . . 4 Heaviest Build 91 | 8 10 91 Greatest Support 20 | 20 20 20 Greatest Overweight (x) 4 | . . 4 Average Overweight (x) . | . . . Largest Inventory Capacity 25 | 5 5 25 Average Capacity 6 | 5 5 9 Most Carried 5 | 5 5 3 Average Carried 1 | 2 1 2 Final Capacity 5 | 5 5 5 Final Carried 3 | . 1 3 Class Distribution -------------------- 100% | Mutant Dominant Class ---------------- Mutant | -10/Materials Mutant | -9/Materials Resources | -11 -10 -9 ----------- Run | Jun Mat Mat Matter Collected 587 | 332 196 59 Remotely . | . . . Salvage Created 541 | 108 343 90 Parts 40 | 9 23 8 Haulers Intercepted . | . . . Recyclers Shooed 1 | . 1 . Parts Field Recycled . | . . . Retrieved Matter . | . . . Parts Self-Destructed . | . . . Prevented . | . . . Kills | -11 -10 -9 ------- Run | Jun Mat Mat Combat Hostiles Destroyed 9 | 1 7 1 Guns 6 | 1 5 . AOE 3 | . 2 1 Classes Destroyed 7 | 3 . 4 Worker 4 | 1 3 . Builder 1 | . . 1 Tunneler 4 | 2 2 . Recycler 1 | . . 1 Operator 1 | . . 1 Grunt 8 | 1 7 . Sentry 1 | . . 1 Best Kill Streak 5 | 1 5 2 Combat Bots Only 3 | 1 3 1 Max Kills in Single Turn 2 | 1 2 1 Gunslinging . | . . . Exploded 1 | . 1 1 Melee . | . . . Uniques/NPCs Destroyed . | . . . Combat | -11 -10 -9 -------- Run | Jun Mat Mat Damage Taken 1145 | 41 227 877 Core 428 | . 24 404 Absorbed by Shields . | . . . Regen/Repaired (Parts) 21 | . 21 . Core Remaining (%) 95 | 100 90 . Volleys Fired 72 | 14 45 13 Largest 2 | 2 2 2 Hottest 68 | 40 50 68 Shots Fired 120 | 28 78 14 Gun 102 | 28 74 . Cannon 8 | . . 8 Launcher 10 | . 4 6 Special . | . . . Kinetic 102 | 28 74 . Thermal 8 | . . 8 Explosive 10 | . 4 6 Electromagnetic . | . . . Robot Hit Streak 7 | 7 7 5 Robot Miss Streak 5 | 2 5 3 Penetration Max . | . . . Secondary Targets 1 | . 1 . Max Gunslinging Chain 1 | . 1 . Shots Hit Robots 73 | 17 48 8 Core Hits 38 | 8 22 8 Critical Kills 1 | . 1 . Critical Parts Destroyed . | . . . Critical Strikes 1 | . 1 . Destroy 1 | . 1 . Melee Attacks . | . . . Impact . | . . . Slashing . | . . . Piercing . | . . . Sneak Attacks . | . . . Combat Hostiles . | . . . Follow-up Attacks . | . . . Damage Inflicted 1067 | 147 612 308 Guns 540 | 147 393 . Cannons 83 | . . 83 Explosions 415 | . 203 212 Melee . | . . . Ramming 29 | . 16 13 Kinetic 540 | 147 393 . Thermal 83 | . . 83 Explosive 415 | . 203 212 Electromagnetic . | . . . Impact . | . . . Slashing . | . . . Piercing . | . . . Highest Corruption . | . . . Average Corruption . | . . . Corruption Purged . | . . . Corruption Blocked . | . . . Overload Shots . | . . . Overflow Damage 8 | . . 8 Projectiles . | . . . Explosions 8 | . . 8 Melee . | . . . Knockbacks . | . . . Impact . | . . . Kinetic . | . . . Secondary . | . . . Self-Inflicted Damage 188 | . 28 160 Shots 6 | . 2 4 Rammed 1 | . . 1 Targets Rammed 9 | . 3 6 Kicked 8 | . 3 5 Crushed . | . . . Highest Temperature 74 | 12 12 74 Average Temperature 18 | 7 7 33 Received Heat Transfer 171 | 24 111 36 Siege Activations . | . . . Robots Corrupted . | . . . Combat Hostiles . | . . . Parts Fried . | . . . Impact Corruptions . | . . . Robots Melted . | . . . Combat Hostiles . | . . . Parts Melted . | . . . Heat Transferred 148 | . . 148 Parts Sabotaged . | . . . Parts Stolen . | . . . Parts Stripped . | . . . Power Chain Reactions . | . . . Missiles Intercepted . | . . . Alert | -11 -10 -9 ------- Run | Jun Mat Mat Peak Influence 199 | 35 133 199 Initial 55 | . 22 55 Average 52 | 18 47 91 Maximum Alert Level . | . . . Low Security (%) 100 | 100 100 100 Level 1 . | . . . Level 2 . | . . . Level 3 . | . . . Level 4 . | . . . Level 5 . | . . . High Security . | . . . Max Security . | . . . Squads Dispatched 3 | . 2 1 Investigation 2 | . 1 1 Extermination . | . . . Reinforcement 1 | . 1 . Assault . | . . . Garrison . | . . . Intercept . | . . . Searches Triggered . | . . . Construction Impeded . | . . . Haulers Reinforced . | . . . Active Scanning Responses . | . . . Cargo Convoy Interrupts . | . . . Stealth | -11 -10 -9 --------- Run | Jun Mat Mat Distress Signals 3 | . 1 2 Communications Jammed . | . . . Distress Signals . | . . . Times Spotted 22 | 1 9 12 Peak Tracking Total 8 | 1 3 8 Tactical Retreats . | . . . Traps | -11 -10 -9 ------- Run | Jun Mat Mat Traps Triggered 1 | . . 1 Indirectly . | . . . Trap Hack Attempts . | . . . Triggered . | . . . Disarmed . | . . . Reprogrammed . | . . . Reused . | . . . Traps Extracted . | . . . Installed . | . . . Triggered . | . . . Machines | -11 -10 -9 ---------- Run | Jun Mat Mat Machines Disabled 3 | . . 3 Max in Single Turn 2 | . . 2 Machines Repaired . | . . . Machines Sabotaged . | . . . Overloaded Fab Kills . | . . . Hacking | -11 -10 -9 --------- Run | Jun Mat Mat Machines Accessed 2 | . 2 . Terminals . | . . . Fabricators . | . . . Repair Stations 1 | . 1 . Recycling Units 1 | . 1 . Scanalyzers . | . . . Garrison Access . | . . . Total Hacks 11 | . 11 . Successful 8 | . 8 . Failed 3 | . 3 . Catastrophic . | . . . Database Lockouts . | . . . Manual . | . . . Terminals . | . . . Fabricators . | . . . Repair Stations 7 | . 7 . Recycling Units 4 | . 4 . Scanalyzers . | . . . Garrison Access . | . . . Terminal Hacks . | . . . Fabricator Hacks . | . . . Repair Station Hacks 6 | . 6 . Scan Component 3 | . 3 . Repair 3 | . 3 . Recycling Unit Hacks 2 | . 2 . Retrieve Components 2 | . 2 . Scanalyzer . | . . . Garrison Access Hacks . | . . . Unauthorized Hacks . | . . . Terminals . | . . . Fabricators . | . . . Repair Stations . | . . . Recycling Units . | . . . Scanalyzers . | . . . Garrison Access . | . . . Data Cores Recovered . | . . . Used . | . . . Hacking Detections 1 | . 1 . Full Trace Events 1 | . 1 . Feedback Events . | . . . Feedback Blocked . | . . . Robot Schematics Acquired . | . . . Robots Built . | . . . Authchips . | . . . Time . | . . . Total Robot Build Rating . | . . . Part Schematics Acquired . | . . . Parts Built . | . . . Authchips . | . . . Time . | . . . Total Part Build Rating . | . . . Parts Repaired 3 | . 3 . Time 78 | . 78 . Parts Recycled . | . . . Recycled Matter . | . . . Retrieved Matter . | . . . Retrieved Components 3 | . 3 . Parts Scanalyzed . | . . . Part Schematics Acquired . | . . . Parts Damaged . | . . . Bothacking | -11 -10 -9 ------------ Run | Jun Mat Mat Used RIF Installer . | . . . Robots Hacked . | . . . Non-combat . | . . . Combat . | . . . Robot Hacks Applied . | . . . Relay Couplers Released . | . . . Fabnet Peak Effective % . | . . . Robots Rewired . | . . . Allies Hacked . | . . . Hacks Repelled . | . . . Allies | -11 -10 -9 -------- Run | Jun Mat Mat Total Allies . | . . . Largest Group . | . . . Highest-Rated Group . | . . . Highest-Rated Ally . | . . . Total Orders . | . . . Ally Attacks . | . . . Total Damage . | . . . Kills . | . . . Allies Corrupted . | . . . Allies Melted . | . . . Intel | -11 -10 -9 ------- Run | Jun Mat Mat Robot Analysis Total . | . . . Derelict Logs Recovered . | . . . Drone Launches . | . . . Drone Recoveries . | . . . Exploration | -11 -10 -9 ------------- Run | Jun Mat Mat Turns Passed 1275 | 313 600 362 Spaces Moved 817 | 233 378 206 Core 59 | 41 . 18 Treads . | . . . Legs 758 | 192 378 188 Wheels . | . . . Hover . | . . . Flight . | . . . Fastest Speed 50 | 50 120 50 Average Speed 123 | 107 120 148 Slowest Speed 400 | 120 120 400 Overloaded Moves . | . . . Propulsion Burnouts . | . . . Robots Hopped . | . . . Cave-ins Triggered . | . . . Exploration Rate (%) 17 | 9 26 18 Regions Visited 2 Branch Regions . Pre-discovered Areas . | . . . Known Exits Taken . | . . . Unknown Exits Taken 2 | 1 1 . Scrap Searched . | . . . Spaces Dug . | . . . Terrain Destroyed 77 | . 20 57 Melee . | . . . Projectile . | . . . AOE 77 | . 20 57 Terrain Rammed . | . . . Walls Destroyed . | . . . Machines Disabled . | . . . Actions | -11 -10 -9 --------- Run | Jun Mat Mat Total 986 | 273 467 246 Wait 9 | . 9 . Move 815 | 232 377 206 Hop . | . . . Pick Up 30 | 12 10 8 Fast Attach . | . . . Attach 21 | 7 9 5 Detach 7 | . 6 1 Swap 7 | 3 1 3 Drop 16 | 5 7 4 Fire 72 | 14 45 13 Melee . | . . . Ram 1 | . . 1 Kick 8 | . 3 5 Crush . | . . . Escape Stasis . | . . . Rewire . | . . . Trap . | . . . Miscellaneous . | . . . Route ------- -11/Junkyard -10/Materials -9/Materials History --------- Turn | Location | Event 2 | -11/Junkyard | Met Revision 17 117 | -11/Junkyard | Discovered new exit (range 8) 314 | -11/Junkyard | Entered Materials 315 | -10/Materials | Build established: Mutant 346 | -10/Materials | Repaired Heat Sink 367 | -10/Materials | Repaired Aluminum Leg 393 | -10/Materials | Repaired Lgt. Assault Rifle 885 | -10/Materials | Discovered new exit (range 15) 914 | -10/Materials | Entered another Materials area 914 | -9/Materials | Evolved 2 slots: Power x1, Utility x1 1259 | -9/Materials | Core integrity fell below 50% 1272 | -9/Materials | Core integrity fell below 20% 1276 | -9/Materials | Destroyed by S-10 Pest with Light Assault Rifle Last Messages --------------- K-01 Serf collects debris. Lgt. Armor Plating destroyed. K-01 Serf collects debris. S-10 Pest destroyed. Aluminum Leg destroyed. K-01 Serf sends out distress signal. Ion Engine destroyed. R-06 Scavenger collects Wheel. S-10 Pest destroyed. Kicked S-10 Pest. R-06 Scavenger collects Terrain Scanner. Kicked S-10 Pest. Aluminum Leg destroyed. R-06 Scavenger collects Structural Scanner. Slammed into S-10 Pest. S-10 Pest destroyed. R-06 Scavenger collects Lgt. Ion Engine. Particle Cannon destroyed. Targeting Computer destroyed. [Achievement: First Step to Greatness] Map ----- +----------------------------------------------------+ | ?????????????????????????????????????????????????? | | ?????????????????????????????????????????????????? | | ?????????????????????????????????????????????????? | | ??????????????????????? ???????????????????????? | | ??????????????????????# ???????????????????????? | | ??????????????????????# ???????????????????????? | | ??????????????????????# ???????????????????????? | | ??????????????????????# ???????????????????????? | | ??????????????????????# ???????????????????????? | | ??????????????????????# ????????##?????????????? | | ??????????????????????# #??????? ?????????????? | | ??????????????????????# #??????? ?????????????? | | ??????????????????????#w #???"??"" ?????????????? | | ????????????#######+### +?""" """ #????????????? | | ??????????? #?""" """ #????????????? | | ??????????? #??? """ #????????????? | | ?????????? #? #????????????? | | ?????????? #?? #######??????? | | ?????????? ! #??#"T"?# #??????? | | ?????????? #??#"""## ##?????? | | ????????????"" """ """ #?????# #?????? | | ???????????""" """ "" #?????# ##?????? | | ????????? """ """ "" #?????# ##?????? | | ???????? g #?????# # #?????? | | ?????????? = ######### #?????? | | ?????????????## % @ $ # #?????? | | ??????????????# [ u + #?????? | | ??????????????# ss= # ##?????? | | ??????????????# =*= """ # """ #??????? | | ??????????????###+######%ss """ # """ ##??????? | | ???????????????????????#=[ """ # """ #???????? | | ???????????????????????# u# #???????? | | ???????????????????????# ########???????? | | ???????????????????????# ####???????????? | | ???????????????????????# #???????????? | | ???????????????????????# #####+###+#???????????? | | ???????????????????????##### #???????????? | | ???????????????????????????# #???????????? | | ???????????????????????????# #???????????? | | ???????????????????????????# """"" #???????????? | | ???????????????????????????# """"" #???????????? | | ???????????????????????????# """"" #???????????? | | ???????????????###########?# #???????????? | | ???????????????# #?# #???????????? | | ???????????????# """" #?### ###???????????? | | ???????????????# """" #???# [ ##?????????????? | | ???????????????# """" #???# [%! #?????????????? | | ???????????????# #???# ! #?????????????? | | ???????????????# #???# #######???????? | | ???????????????# [ #???## #???????? | +----------------------------------------------------+ Best States ------------- Heat Dissipation 35 Energy Generation 10 Energy Capacity 250 Matter Stores 300 Matter Capacity 300 Sight Range 16 Terrain Scan Range 16 Terrain Scan Density 10 Armor Coverage 150 Evasion (%) 55 Targeting Accuracy 5 Item Schematics ----------------- None Robot Schematics ------------------ None Fabricated ------------ Nothing Alien Tech Used ----------------- None Achievements -------------- First Step to Greatness Let's See Who's Tougher One Hack Too Far Part-time Mechanic Storm Trooper Uninvited Guest Challenges ------------ None Game ------ Seed ZionitePlasmaMount Manual? 0 Play Time 00:24:45 Cumulative 0.7 hours Start 2024.02.01 @ 23:25:10 End 2024.02.01 @ 23:51:11 Sessions 1 Manual Loads 0 Difficulty Rogue Special Mode None Game No. 1 Rogue 1 Adventurer 0 Explorer 0 Win Type - Total 0 Types 0/0/0/0/0/0/0/0/0 Lore% 0 Gallery% 1 Achievement% 2 Wizard Run 0 Options --------- ASCII 0 Keyboard 0 Movement Mouse Keybinds 0 Fullscreen 2 Font 24/Smallcaps Map View 76x56 Tactical HUD 0 Map Filters NONE Filters NONE Steam 1 RUN: efc76f19-755b-480f-bdcb-620a1c8cf073